 Dungeon Crawl Stone Soup version 0.27.1-4-g1640c2035a (webtiles) character file.

Game seed: 2927920286751387607

240 zeram the Caller (level 6, 0/46 HPs)
             Began as a Merfolk Summoner on Nov 11, 2021.
             Succumbed to an orc's poison
             ... on level 3 of the Dungeon.
             The game lasted 00:08:30 (4879 turns).

zeram the Caller (Merfolk Summoner)                 Turns: 4879, Time: 00:08:31

Health: 0/46       AC:  6    Str:  8    XL:     6   Next: 8%
Magic:  7/9        EV: 13    Int: 17    God:
Gold:   91         SH:  0    Dex: 14    Spells: 4/9 levels left

rFire    . . .     SeeInvis .   e - +1 short sword (venom)
rCold    . . .     Faith    .   (no shield)
rNeg     . . .     Spirit   .   a - +0 robe
rPois    .         Reflect  .   i - +2 hat
rElec    .         Harm     .   (no cloak)
rCorr    .         Rampage  .   (no gloves)
Will     .....                  (no boots)
Stlth    ++........             (no amulet)
HPRegen  0.15/turn              (no ring)
MPRegen  0.11/turn              (no ring)

@: lethally poisoned (0 -> -5), hasted, very quick
A: (nimble swimmer 2), mertail, iridescent scales 1, MP-powered wands
a: no special abilities


You were on level 3 of the Dungeon.
You visited 2 branches of the dungeon, and saw 5 of its levels.

You collected 91 gold pieces.

Inventory:

Hand Weapons
 e - a +1 short sword of venom (weapon)
 f - a +0 club
Armour
 a - a +0 robe (worn)
 i - a +2 hat (worn)
Jewellery
 c - a ring of resist corrosion
 d - a ring of protection from cold
Scrolls
 g - a scroll of identify


   Skills:
 - Level 2.7 Fighting
 + Level 2.5(2.7) Short Blades
 + Level 0.9(1.7) Long Blades
 + Level 0.5(1.0) Axes
 + Level 2.2(2.6) Polearms
 + Level 0.5(1.0) Staves
 + Level 0.5(0.8) Slings
 + Level 0.5 Bows
 + Level 0.5 Crossbows
 + Level 0.8(1.0) Throwing
 + Level 3.9 Dodging
 - Level 2.1 Stealth
 + Level 0.8 Shields
 - Level 2.0 Spellcasting
 + Level 1.0 Conjurations
 + Level 2.0 Hexes
 + Level 5.0 Summonings
 + Level 1.2 Necromancy
 + Level 0.5 Translocations
 + Level 1.2 Transmutations
 + Level 0.4 Fire Magic
 + Level 0.9 Ice Magic
 + Level 0.5 Air Magic
 + Level 0.5 Earth Magic
 + Level 0.9 Poison Magic
 + Level 0.9 Invocations
 + Level 1.2 Evocations


You had 4 spell levels left.
You knew the following spells:

 Your Spells              Type           Power      Damage    Failure   Level
a - Call Canine Familiar  Summ           18%        N/A       8%          3
b - Call Imp              Summ           18%        N/A       3%          2

Your spell library contained the following spells:

 Spells                   Type           Power      Damage    Failure   Level
 Summon Small Mammal      Summ           72%        N/A       2%          1
 Summon Guardian Golem    Hex/Summ       13%        N/A       14%         3
 Tukima's Dance           Hex            8%         N/A       26%         3
 Ozocubu's Armour         Ice            5%         N/A       36%         3
 Summon Lightning Spire   Summ/Air       11%        N/A       52%         4
 Passage of Golubria      Tloc           N/A        N/A       83%         4
 Yara's Violent Unravell  Hex/Tmut       3%         3d4       95%         5
 Metabolic Englaciation   Hex/Ice        3%         N/A       96%         5
 Simulacrum               Ice/Necr       2%         N/A       100%        6


Dungeon Overview and Level Annotations

Branches:
Dungeon (4/15)             Temple (1/1) D:4

Altars:
Cheibriados
Elyvilon
Fedhas
Kikubaaqudgha
Nemelex Xobeh
Okawaru
Sif Muna
Vehumet
Xom

Shops:
D:2 *=

Annotations:
D:4 2 transporters, Icepheonix32's ghost, amateur DsTm


Innate Abilities, Weirdness & Mutations

((You are quick and stealthy near water. (Stealth+, EV+, Speed+++)))
Your lower body shifts to a powerful aquatic tail in water.
You are partially covered in iridescent scales. (AC +2)
You expend magic power (3 MP) to strengthen your wands.


Message History

Okay, then.
Casting: Call Imp (safe; 3% risk of failure)
Confirm with . or Enter, or press ? or * to list all spells.
A shadowy apparition takes form in the air.
You feel very sick.
The hobgoblin hits you but does no damage.
The orc barely misses you.
You feel very sick.
The orc hits you from afar with a +1 trident of venom.
* * * LOW HITPOINT WARNING * * *
You are more poisoned.
* * * LOW HITPOINT WARNING * * *
You feel very sick.
It was a potion of curing.
You feel better. The hobgoblin barely misses you. The orc misses you.
Your shadow imp barely misses the hobgoblin.
There is an open door here.
Your shadow imp barely misses the orc.
There is a stone staircase leading up here.
The hobgoblin closely misses you.
The orc hits you from afar with a +1 trident of venom!
* * * LOW HITPOINT WARNING * * *
You are lethally poisoned!
You climb upwards.
* * * LOW HITPOINT WARNING * * *
You feel very sick.
There is a stone staircase leading down here.
Casting: Call Imp (safe; 3% risk of failure)
Confirm with . or Enter, or press ? or * to list all spells.
A beastly little devil appears in a puff of flame.
* * * LOW HITPOINT WARNING * * *
You feel sick. The hobgoblin barely misses you.
It was a potion of haste.
You feel yourself speed up.
* * * LOW HITPOINT WARNING * * *
You feel sick. The hobgoblin barely misses you.
Really quaff the potion of mutation?
You feel extremely strange.
You feel your magical essence link to the dungeon's wands.
Iridescent scales grow over part of your body.
You die...

....##.# #..†....# ###......
<...##.###.####..# #...#.#
....##.....# #..# #...#..
.##........# #..# #......
#.####.....####..##########...##.
##.# #.....##....................
#.# #.....##.#..................
##.# #.....##.#..................
#.## #.....##.##@g..#######...##.
.############.###5..# #......
......# #.......# #...### .####.#
######.## #...# .####.# #.# #...#
...##.# ########.# #...## ......#
#........########....# .#.##.#
#.########......####.##
......#####.# ##.####.####.#.


You could see a hobgoblin (ally target) and a friendly crimson imp (summoned).

Vanquished Creatures
  A necrophage (D:2)
  Terence (D:2)
  An orc wizard (D:3)
  2 adders
  A worm (D:2)
  11 orcs
  5 bats
  2 endoplasms (D:3)
  3 giant cockroaches
  4 hobgoblins
  4 kobolds
  A quokka (D:4)
  5 ball pythons
  A frilled lizard (D:3)
  3 goblins
  2 rats
47 creatures vanquished.

Vanquished Creatures (collateral kills)
  A black bear (D:4)
  2 orcs (D:3)
  A bat (D:3)
  A hobgoblin (D:3)
  A kobold (D:1)
6 creatures vanquished.

Vanquished Creatures (others)
  5 plants (D:4)
5 creatures vanquished.

Grand Total: 58 creatures vanquished

Notes
Turn   | Place    | Note
-------+----------+-------------------------------------------
     0 | D:1      | zeram the Merfolk Summoner began the quest for the Orb.
     0 | D:1      | Reached XP level 1. HP: 13/13 MP: 3/3
   346 | D:1      | You fall into a shaft and drop 1 floor!
   358 | D:2      | Noticed Terence
   426 | D:2      | Reached skill level 1 in Short Blades
   426 | D:2      | Reached skill level 1 in Conjurations
   426 | D:2      | Reached skill level 1 in Necromancy
   426 | D:2      | Reached skill level 1 in Transmutations
   426 | D:2      | Reached skill level 1 in Evocations
   426 | D:2      | Reached XP level 2. HP: 5/23 MP: 5/5
   429 | D:2      | HP: 1/23 [poisoned by a kobold]
   600 | D:2      | Found Totekim's Jewellery Emporium.
  1132 | D:2      | Learned a level 2 spell: Call Imp
  1159 | D:2      | Found a sparkling altar of Nemelex Xobeh.
  1163 | D:2      | Noticed a necrophage
  1605 | D:2      | Reached XP level 3. HP: 24/28 MP: 6/6
  1657 | D:2      | Found Momp's Assorted Antiques.
  1926 | D:2      | Killed a necrophage
  1927 | D:2      | Reached XP level 4. HP: 17/34 MP: 0/7
  2252 | D:2      | Learned a level 3 spell: Call Canine Familiar
  2373 | D:2      | Killed Terence
  2374 | D:2      | Reached XP level 5. HP: 14/39 MP: 0/8
  3696 | D:4      | Found a transporter.
  3696 | D:4      | Noticed a kobold brigand
  3700 | D:4      | Noticed Icepheonix32's ghost (amateur DsTm)
  3704 | D:4      | Found a transporter.
  3722 | D:4      | Noticed a black bear
  3737 | D:4      | HP: 1/39 [black bear (1)]
  3745 | D:4      | Killed a black bear
  3746 | D:4      | Reached XP level 6. HP: 3/46 MP: 3/9
  4061 | D:4      | Noticed an ice beast
  4123 | D:4      | Found a staircase to the Ecumenical Temple.
  4160 | Temple   | Entered the Ecumenical Temple
  4791 | D:4      | Reached skill level 5 in Summonings
  4878 | D:3      | HP: 1/46 [poisoned by an orc]
  4879 | D:3      | Gained mutation: You expend magic power (3 MP) to
                  | strengthen your wands. [potion of mutation]
  4879 | D:3      | Gained mutation: You are partially covered in iridescent
                  | scales. (AC +2) [potion of mutation]
  4879 | D:3      | Succumbed to an orc's poison

Illustrated notes

Levels and vault maps discovered:
D:1:      amcnicky_arrival_abandoned_market, layout_basic,
          chequers_ecumenical_altar_grove
D:2:      layout_loops_ring, basic_altar, serial_shops, shop, shop, uniq_terence
D:3:      layout_loops_cross
D:4:      layout_gridville, chequers_temple_overflow_statue_of_worship,
          minmay_temple_entry_overgrown, gammafunk_ghost_arena
Temple:   jpeg_temple_island

Skill      XL: |  1  2  3  4  5  6 |
---------------+-------------------+-----
Fighting       | 2 |  2.7
Short Blades   | 1 2 |  2.5
Polearms       | 2 |  2.2
Dodging        | 3 |  3.9
Conjurations   | 1 |  1.0
Hexes          | 2 |  2.0
Necromancy     | 1 |  1.2
Transmutations | 1 |  1.2
Evocations     | 1 |  1.2
Summonings     | 5 |  5.0
Long Blades    | |  0.9
Axes           | |  0.5
Staves         | |  0.5
Slings         | |  0.5
Bows           | |  0.5
Crossbows      | |  0.5
Throwing       | |  0.8
Stealth        | |  2.1
Shields        | |  0.8
Spellcasting   | |  2.0
Translocations | |  0.5
Fire Magic     | |  0.4
Ice Magic      | |  0.9
Air Magic      | |  0.5
Earth Magic    | |  0.5
Poison Magic   | |  0.9
Invocations    | |  0.9

Action                   |  1- 3 |  4- 6 || total
-------------------------+-------+-------++-------
Melee: Club              |     3 |       ||     3
       Unarmed           |     2 |       ||     2
       Short sword       |    43 |    99 ||   142
 Cast: Summon Small Mamm |     2 |       ||     2
       Call Imp          |     4 |    15 ||    19
  Use: Potion            |     1 |     3 ||     4
       Scroll            |     5 |     5 ||    10
 Stab: Sleeping          |     1 |     3 ||     4
Armor: Robe              |     7 |    31 ||    38
Dodge: Dodged            |    41 |    96 ||   137
